AoeStats
← zombiezebra

Yucatan

510410064Analyzed
2v2 RM · 1d ago on Sep 30, 2026· 32m 5s· 4 players
Game mode
Random Map
Map size
Medium (4 player)
Population
200
Speed
Normal
Resources
Standard
Victory
Conquest
Starting age
Dark Age
Ending age
Imperial Age
RankedLock teamsTeams togetherTeam positionsShared explorationLock speedFull tech treeHidden civsTurbo modeCheats
Victory
Defeat
🇨🇦 Spanish · Canada
1321
+16
🇦🇷 Danes · Argentina
1309
+16
🇬🇧 Mongols · United Kingdom
1313
-16
🇬🇧 Mongols · United Kingdom
1313
-16
Bugzy
7:49 Loom
11:00 Feudal Age
15:01 Castle Age
13:22 Double-Bit Axe
15:33 Padded Archer Armor
16:01 Bow Saw
26:42 Leather Archer Armor
30:07 Bloodlines
Sex Machine 24cm
6:06 Loom
9:24 Feudal Age
10:54 Man-at-Arms
12:41 Arson
16:57 Wheelbarrow
20:17 Double-Bit Axe
20:44 Scale Mail Armor
23:42 Castle Age
23:01 Gold Mining
23:17 Town Watch
27:40 Gambesons
29:58 Chain Mail Armor
31:18 Forging
Stefanos
9:51 Loom
11:36 Feudal Age
13:27 Double-Bit Axe
13:35 Gold Mining
17:25 Castle Age
17:05 Fletching
17:15 Padded Archer Armor
18:58 Bow Saw
19:41 Gold Shaft Mining
18:51 Horse Collar
19:13 Bodkin Arrow
22:41 Wheelbarrow
25:08 Leather Archer Armor
27:16 Stone Mining
27:38 Heavy Plow
30:28 Bloodlines
31:40 Ballistics
32:23 Husbandry
zombiezebra
7:40 Loom
10:24 Feudal Age
12:49 Fletching
15:11 Loom
26:24 Horse Collar
28:03 Padded Archer Armor
32:35 Castle Age
Connection lost

Rejoining the realm…

Still unreachable

The connection could not be restored.

Session expired

The server has moved on; the page needs a fresh start.